 Dungeon Crawl Stone Soup version 0.31.0-11-ge490571c62 (webtiles) character file.

Game seed: 8245021503051395043

86 qw the Shooter (level 4, -4/25 HPs)
             Began as a Deep Elf Hunter on Feb 4, 2024.
             Slain by a gnoll
             ... wielding a +0 spear
              (9 damage)
             ... on level 2 of the Dungeon.
             The game lasted 00:00:05 (1232 turns).

qw the Shooter (Deep Elf Hunter)                    Turns: 1232, Time: 00:00:06

Health: -4/25      AC:  5    Str: 10    XL:     4   Next: 26%
Magic:  6/6        EV: 12    Int: 14    God:
Gold:   101        SH:  0    Dex: 18    Spells: 3/3 levels left

rFire   . . .        a - +0 shortbow
rCold   . . .        (shield currently unavailable)
rNeg    . . .        c - +0 leather armour
rPois   .            (no helmet)
rElec   .            (no cloak)
rCorr   .            h - +0 pair of gloves
SInv    .            f - +0 pair of boots
Will    .....        (no amulet)
Stlth   ++           (no ring)
HPRegen 0.24/turn    (no ring)
MPRegen 0.10/turn

%: no passive effects
@: no status effects
A: no striking features
a: no special abilities


You were on level 2 of the Dungeon.
You visited 1 branch of the dungeon, and saw 2 of its levels.

You collected 101 gold pieces.


   Skills:
 - Level 1.5 Fighting
 + Level 7.7 Ranged Weapons
 - Level 2.4 Dodging
 - Level 1.2 Stealth


You had 3 spell levels left.
You didn't know any spells.
Your spell library was empty.

Inventory:

Hand Weapons
 a - a +0 shortbow (weapon)
Armour
 b - a +0 ring mail
 c - a +0 leather armour (worn)
 f - a +0 pair of boots (worn)
 h - a +0 pair of gloves (worn)
Potions
 d - a potion of mutation
 e - a potion of curing {unknown}
 g - a potion of attraction {unknown}
 i - a potion of lignification {unknown}
 j - a potion of resistance {unknown}

Dungeon Overview and Level Annotations

Branches:
Dungeon (2/15)

Altars:


Message History

The dart slug launches a dart at you.
The slug dart hits you but does no damage.
You shoot an arrow. The arrow hits the dart slug.
You kill the dart slug!
You see here an adder skeleton. 3 gnolls come into view.
A gnoll is wielding a +2 whip of electrocution.
A gnoll is wielding a +2 whip of draining.
Found 6 gold pieces.
The gnoll shouts! x3
You shoot an arrow. The arrow hits the gnoll.
The gnoll is lightly wounded.
You shoot an arrow. The arrow closely misses the gnoll.
You shoot an arrow. The arrow hits the gnoll!
The gnoll is severely wounded.
You shoot an arrow. The arrow hits the gnoll!
You kill the gnoll!
You shoot an arrow. The arrow hits the gnoll.
The gnoll is moderately wounded.
The gnoll hits you with a +2 whip of electrocution.
The gnoll barely misses you.
You shoot an arrow.
The arrow hits the gnoll but does no damage.
The gnoll is moderately wounded.
The gnoll closely misses you.
The gnoll hits you from afar with a +0 spear.
You shoot an arrow. The arrow closely misses the gnoll.
The gnoll hits you with a +2 whip of electrocution!
The gnoll barely misses you.
You shoot an arrow. The arrow hits the gnoll!
The gnoll is almost dead.
The gnoll hits you with a +2 whip of electrocution.
The gnoll hits you from afar with a +0 spear.
You shoot an arrow. The arrow barely misses the gnoll.
The gnoll misses you. The gnoll barely misses you.
You shoot an arrow.
The arrow hits the gnoll but does no damage.
The gnoll is almost dead.
The gnoll barely misses you.
The gnoll hits you from afar with a +0 spear!
You die...

..... #######?..#
..........# ..........#
..........#####
.............<..
.....gg........
##@#.##.#..
###############..........
.................<...>...
###########.####.#..#.#..
#.....# #.#.......
######'###.####.##.#.#..
#........#.#...........#
#........#.#.#####.#.#.#
#........#.#.# #.#.#.#


You could see 2 gnolls.

Vanquished Creatures
  A gnoll (D:2)
  3 adders (D:2)
  A ribbon worm (D:2)
  4 dart slugs
  8 endoplasms
  A giant cockroach (D:2)
  A goblin (D:2)
  2 hobgoblins (D:2)
  2 jackals (D:2)
  2 quokkas (D:2)
  A ball python (D:2)
  A bat (D:1)
  4 frilled lizards (D:2)
  4 kobolds
  5 rats
40 creatures vanquished.

Notes
Turn   | Place    | Note
-------+----------+-------------------------------------------
     0 | D:1      | qw the Deep Elf Hunter began the quest for the Orb.
     0 | D:1      | Reached XP level 1. HP: 12/12 MP: 3/3
     0 | D:1      | 0 ||| qw: Version: 0.3-a-160-g6735b56
     0 | D:1      | 0 ||| qw: Game counter: 5635
     0 | D:1      | 0 ||| qw: Melee chars always use a shield: true
     0 | D:1      | 0 ||| qw: God list: Okawaru
     0 | D:1      | 0 ||| qw: Allow faded altars: false
     0 | D:1      | 0 ||| qw: Do Orc after clearing Dungeon:15 true
     0 | D:1      | 0 ||| qw: Do second Lair branch before Depths: true
     0 | D:1      | 0 ||| qw: Lair rune preference: random
     0 | D:1      | 0 ||| qw: Goals: Normal
     0 | D:1      | 0 ||| PLANNING D:1-11
   229 | D:1      | 229 ||| UPGRADING to +0 pair of boots.
   244 | D:1      | Reached skill level 6 in Ranged Weapons
   244 | D:1      | Reached XP level 2. HP: 8/16 MP: 4/4
   279 | D:1      | 279 ||| UPGRADING to +0 pair of gloves.
   618 | D:1      | 618 ||| READING scroll labelled MENATR EHUMUDO.
   618 | D:1      | 618 ||| IDENTIFYING fuming inky potion
   619 | D:1      | 619 ||| READING 2 scrolls labelled NUFEXU DYMEOPP.
   620 | D:1      | 620 ||| READING scroll labelled OPUNEA DOBAB.
   621 | D:1      | 621 ||| READING scroll labelled XINUDWEIRA.
   625 | D:1      | 625 ||| DROPPING scroll of butterflies.
   626 | D:1      | 626 ||| DROPPING scroll of revelation.
   752 | D:2      | Reached XP level 3. HP: 17/20 MP: 5/5
   846 | D:2      | Reached skill level 7 in Ranged Weapons
   871 | D:2      | 871 ||| FLEEEEING.
   938 | D:2      | Reached XP level 4. HP: 25/25 MP: 6/6
  1230 | D:2      | HP: 4/25 [gnoll/+0 spear (3)]
  1232 | D:2      | Slain by a gnoll

Levels and vault maps discovered:
D:1:      evilmike_arrival_hilbert_curve, layout_loops_ring, nicolae_the_louvre
D:2:      layout_basic, minmay_pentomino_x4

Skill      XL: |  1  2  3 |
---------------+----------+-----
Ranged Weapons | 6 7 |  7.7
Fighting       | |  1.5
Dodging        | |  2.4
Stealth        | |  1.2

Action                     |  1- 3 |  4- 6 || total
---------------------------+-------+-------++-------
   Fire: Shortbow          |    81 |    26 ||   107
    Use: Scroll            |     4 |       ||     4
 Armour: Leather armour    |    12 |    16 ||    28
  Dodge: Dodged            |     8 |     9 ||    17

Table legend:
 A = Non-vault XP
 B = Vault XP
 C = Vault XP percentage of total XP
 D = Non-vault monster count
 E = Vault monster count
 F = Vault count percentage of total count
                 A         B        C        D         E       F
            +---------+---------+-------+---------+---------+-------
      Total |     117 |       6 |   4.9 |      37 |       3 |   7.5
            +---------+---------+-------+---------+---------+-------
        D:1 |      15 |       0 |   0.0 |       9 |       0 |   0.0
        D:2 |     102 |       6 |   5.6 |      28 |       3 |   9.7
            +---------+---------+-------+---------+---------+-------
